 Dungeon Sprint DCSS version 0.28.0-53-g5a82cb258f (webtiles) character file.

Game seed: 8717498563960260265

6659 bnorton916 the Grappler (level 10, -9/115 HPs)
             Began as a Troll Fighter on June 6, 2022.
             Was a High Priest of Okawaru.
             Killed from afar by an Ice Fiend (29 damage)
             ... with a bolt of cold
             ... summoned by a deep elf demonologist
             ... in the Dungeon (Sprint III: "The Ten Rune Challenge").
             The game lasted 00:08:07 (3345 turns).

bnorton916 the Grappler (Troll Fighter)             Turns: 3345, Time: 00:08:08

Health: -9/115     AC:  8    Str: 30    XL:     10   Next: 73%
Magic:  10/10      EV: 11    Int:  7    God:    Okawaru [*****.]
Gold:   2224       SH: 10    Dex:  9    Spells: 9/9 levels left

rFire   . . .      SeeInvis .     - Unarmed
rCold   + . .      Faith    .   b - +0 kite shield
rNeg    . . .      Spirit   .   t - +2 robe {rC+}
rPois   .          Reflect  .   a - +2 hat {Int+3}
rElec   .          Harm     .   (no cloak)
rCorr   .          Rampage  .   (gloves unavailable)
Will    .....      NoTele   +   (boots unavailable)
Stlth   +.........              (no amulet)
HPRegen 1.09/turn               (no ring)
MPRegen 0.12/turn               (no ring)

@: no status effects
A: large, unfitting armour, claws 3, regeneration 1, shaggy fur 1, tough skin 1
a: Renounce Religion, Heroism, Finesse


You were in the Dungeon.
You worshipped Okawaru.
Okawaru was extremely pleased with you.
You visited 1 branch You collected 2379 gold pieces.
You spent 155 gold pieces at shops.

Inventory:

Hand Weapons
 j - a +2 club
 s - a +1 long sword of holy wrath
 u - a +4 giant spiked club
Armour
 a - a +2 hat of intelligence (worn)
 b - a +0 kite shield (worn)
 t - a +2 robe of cold resistance (worn)
Scrolls
 i - a scroll of blinking
 m - a scroll of holy word {unknown}
 q - a scroll of immolation
Potions
 c - a potion of might
 d - 2 potions of curing
 e - 2 potions of heal wounds
 f - a potion of haste
 g - 2 potions of magic
 h - 2 potions of berserk rage
 l - 2 potions of mutation
 p - 3 potions of flight


   Skills:
 + Level 11.8 Fighting
 + Level 6.3 Maces & Flails
 + Level 6.3 Throwing
 - Level 8.1 Dodging
 - Level 10.0 Shields
 + Level 13.8 Unarmed Combat
 + Level 2.4 Invocations


You had 9 spell levels left.
You didn't know any spells.
Your spell library contained the following spells:

 Spells                   Type           Power      Damage    Failure   Level
 Dazzling Flash           Conj/Hex       0%         N/A       95%         3
 Frozen Ramparts          Ice            0%         1d2       95%         3
 Ice Form                 Ice/Tmut       0%         N/A       100%        4
 Iskenderun's Mystic Bla  Conj/Tloc      0%         2d3       100%        4
 Starburst                Conj/Fire      0%         6d3       100%        6
 Summon Ice Beast         Ice/Summ       Unusable   N/A       N/A         4

Dungeon Overview and Level Annotations

Branches:
Dungeon (1/1)

Altars:
Cheibriados
Dithmenos
Elyvilon
Fedhas
Gozag
Hepliaklqana
Kikubaaqudgha
Makhleb
Nemelex Xobeh
Okawaru
Qazlal
Ru
Sif Muna
Trog
Uskayaw
Vehumet
Wu Jian
Xom
Yredelemnul
Zin
The Shining One
Beogh
Jiyva
Lugonu

Shops:
D *


Innate Abilities, Weirdness & Mutations

You are too large for most types of armour.
You have claws for hands.
Your natural rate of healing is unusually fast.
You are covered in fur. (AC +1)
You have tough skin. (AC +1)


Message History

You throw an atropa-tipped dart.
The atropa-tipped dart barely misses the deep elf demonologist.
The Ice Fiend roars!
A deep elf annihilator comes into view.
Throw: 2 darts (atropa)
Press: ? - help, Q - select action, (/) - cycle Shift-Dir - straight line, f/p - deep elf demonologist
Aim: a deep elf demonologist, wielding a staff of cold, wearing a +0 robe of cold resistance and wearing the ring "Risun" {rC+ Will+} (54% to hit, chance to blind on hit: 3%)
You throw an atropa-tipped dart.
The atropa-tipped dart hits the Ice Fiend!
The Ice Fiend resists.
You hear a splash.
The deep elf annihilator shouts!
You hear a shout!
The deep elf annihilator casts a spell.
The deep elf annihilator blinks!
Throw: dart (atropa)
Press: ? - help, Q - select action, (/) - cycle Shift-Dir - straight line, f/p - deep elf demonologist
Aim: a deep elf demonologist, wielding a staff of cold, wearing a +0 robe of cold resistance and wearing the ring "Risun" {rC+ Will+} (54% to hit, chance to blind on hit: 3%)
You throw an atropa-tipped dart.
The atropa-tipped dart hits the Ice Fiend!
The Ice Fiend resists.
You hear a splash.
Unknown command.
Unknown command.
Things that are here:
a +0 long sword; a +2 buckler; an elf corpse
There is a broken door to the Elven Halls, spattered with blood here.
The Ice Fiend calls on the powers of darkness!
Your body is wracked with pain!
The Ice Fiend calls on the powers of darkness!
Your body is wracked with pain!
* * * LOW HITPOINT WARNING * * *
Things that are here:
a +0 long sword; a +0 ring mail The Ice Fiend calls on the powers of darkness!
Your body is wracked with pain!
* * * LOW HITPOINT WARNING * * *
The Ice Fiend gestures at you. The bolt of cold hits you!! You resist.
You die...

▓▓ ▓▓▓▓▓▓▓▓
.##############....#.#########
.#___#___#__##.∩.#..#..'.#...# e
.#...#__)#._#!.......1.#)#...##≈≈
.###'#'###)##[.......###.#...≈≈≈e
.#).........#...@....# #.#...##≈
)'.⌠...)....#..)#.#.## #.'1..#
)#)..######'#)##.###.. #######
.#)).#__#...#'###################
.#...#__#...#....#)#.#.....#..^^.
.#'###__#...##.#.)#.##)###.#.^...
.#.).#__#).)'##)#.#.##.#..##..^..
.#___#__)...#)..#..#..##..'....^^
▓▓▓▓▓▓▓▓▓▓▓▓▓▓▓▓▓▓▓▓▓▓▓▓▓▓#......


You could see an Ice Fiend (summoned).

Vanquished Creatures
  Erolcha (D)
  An orc high priest (D)
  A deep elf knight (D)
  2 deep elf zephyrmancers (D)
  An orc knight (D)
  3 deep elf pyromancers (D)
  An orc sorcerer (D)
  A shadow (D)
  2 redbacks (D)
  A spatial vortex (D)
  A necrophage (D)
  2 orc warriors (D)
  5 two-headed ogres (D)
  A water elemental (D)
  An orc priest (D)
  A jelly (D)
  Jessica (D)
  A wizard (D)
  2 orc wizards (D)
  A necromancer (D)
  3 humans (D)
  A kobold demonologist (D)
  A phantom (D)
  8 orcs (D)
  3 rats (D)
46 creatures vanquished.

Vanquished Creatures (others)
  A plant (D)
1 creature vanquished.

Grand Total: 47 creatures vanquished

Notes
Turn   | Place    | Note
-------+----------+-------------------------------------------
     0 | D        | bnorton916 the Troll Fighter began the quest for the Orb.
     0 | D        | Reached XP level 1. HP: 22/22 MP: 0/0
    12 | D        | Noticed Jessica
    17 | D        | Killed Jessica
    18 | D        | Reached skill level 3 in Unarmed Combat
    18 | D        | Reached XP level 2. HP: 26/31 MP: 1/1
   246 | D        | Reached XP level 3. HP: 32/37 MP: 2/2
   579 | D        | Noticed a water elemental
   587 | D        | Killed a water elemental
   588 | D        | Reached skill level 4 in Unarmed Combat
   588 | D        | Reached XP level 4. HP: 6/49 MP: 3/3
   740 | D        | Found a hide-covered altar of Uskayaw.
   740 | D        | Found an iron altar of Okawaru.
   740 | D        | Found a bloodstained altar of Trog.
   740 | D        | Found an ornate altar of the Wu Jian Council.
   740 | D        | Noticed a human
   740 | D        | Noticed a human
   781 | D        | Killed a human
   782 | D        | Reached skill level 5 in Fighting
   782 | D        | Reached skill level 5 in Dodging
   782 | D        | Reached skill level 5 in Shields
   782 | D        | Reached skill level 6 in Unarmed Combat
   782 | D        | Reached XP level 5. HP: 42/58 MP: 4/4
   796 | D        | Killed a human
   797 | D        | Reached skill level 7 in Unarmed Combat
   797 | D        | Reached XP level 6. HP: 11/68 MP: 5/5
   880 | D        | Became a worshipper of Warmaster Okawaru
   919 | D        | Found a radiant altar of Vehumet.
   920 | D        | Found a shimmering blue altar of Sif Muna.
   920 | D        | Found an ancient bone altar of Kikubaaqudgha.
   922 | D        | Noticed a rust devil
  1071 | D        | Found a glowing silver altar of Zin.
  1071 | D        | Found a glowing golden altar of the Shining One.
  1071 | D        | Found a white marble altar of Elyvilon.
  1071 | D        | Noticed a deep elf pyromancer
  1076 | D        | Killed a deep elf pyromancer
  1076 | D        | Reached * piety under Okawaru
  1076 | D        | Reached ** piety under Okawaru
  1077 | D        | Reached skill level 8 in Unarmed Combat
  1077 | D        | Reached XP level 7. HP: 34/78 MP: 6/6
  1200 | D        | Found a shadowy altar of Dithmenos.
  1208 | D        | Found a basalt altar of Yredelemnul.
  1208 | D        | Found a sacrificial altar of Ru.
  1377 | D        | Noticed a shadow
  1380 | D        | Killed a shadow
  1381 | D        | Reached skill level 9 in Unarmed Combat
  1381 | D        | Reached XP level 8. HP: 88/88 MP: 7/7
  1499 | D        | Found a blossoming altar of Fedhas.
  1499 | D        | Found a stormy altar of Qazlal.
  1499 | D        | Found a snail-covered altar of Cheibriados.
  1499 | D        | Found a burning altar of Makhleb.
  1499 | D        | Found a shimmering altar of Xom.
  1500 | D        | Found a hazy altar of Hepliaklqana.
  1500 | D        | Found an opulent altar of Gozag.
  1500 | D        | Found a sparkling altar of Nemelex Xobeh.
  1500 | D        | Found a corrupted altar of Lugonu.
  1500 | D        | Found a viscous altar of Jiyva.
  1747 | D        | Noticed a two-headed ogre
  1752 | D        | Killed a two-headed ogre
  1752 | D        | Reached *** piety under Okawaru
  1753 | D        | Reached skill level 10 in Unarmed Combat
  1920 | D        | Noticed a two-headed ogre
  1920 | D        | Noticed Erolcha
  1991 | D        | Paralysed by Erolcha for 4 turns
  1998 | D        | Killed Erolcha
  1999 | D        | Reached skill level 11 in Unarmed Combat
  1999 | D        | Reached XP level 9. HP: 91/101 MP: 8/8
  2031 | D        | Killed a two-headed ogre
  2032 | D        | Reached skill level 10 in Fighting
  2032 | D        | Reached skill level 10 in Shields
  2073 | D        | Reached **** piety under Okawaru
  2079 | D        | Received a gift from Okawaru
  2080 | D        | Reached skill level 12 in Unarmed Combat
  2294 | D        | Found Geof's Assorted Antiques.
  2313 | D        | Noticed an orc knight
  2347 | D        | Reached skill level 1 in Maces & Flails
  2347 | D        | Reached skill level 1 in Throwing
  2349 | D        | Killed an orc knight
  2395 | D        | Noticed an orc high priest
  2402 | D        | Killed an orc high priest
  2403 | D        | Reached XP level 10. HP: 69/111 MP: 9/9
  2503 | D        | Noticed an orc sorcerer
  2508 | D        | Killed an orc sorcerer
  2509 | D        | Reached skill level 13 in Unarmed Combat
  2541 | D        | Noticed a deep elf pyromancer
  2541 | D        | Noticed a deep elf zephyrmancer
  2541 | D        | Noticed a deep elf zephyrmancer
  2541 | D        | Noticed a deep elf knight
  2541 | D        | Noticed a deep elf pyromancer
  2579 | D        | Killed a deep elf zephyrmancer
  2579 | D        | Reached ***** piety under Okawaru
  2733 | D        | Killed a deep elf pyromancer
  2734 | D        | Reached skill level 5 in Maces & Flails
  2734 | D        | Reached skill level 5 in Throwing
  2818 | D        | Killed a deep elf zephyrmancer
  2964 | D        | Killed a deep elf pyromancer
  2965 | D        | Reached skill level 1 in Invocations
  3088 | D        | Bought a potion of berserk rage for 155 gold pieces
  3127 | D        | Killed a deep elf knight
  3127 | D        | Received a gift from Okawaru
  3324 | D        | Identified the +1 dagger of Charity {spect, rC+++ Dex-5
                  | SInv}
  3324 | D        | Identified the ring "Asteec" {rN+ Int+2}
  3324 | D        | Noticed a deep elf high priest
  3324 | D        | Identified the ring "Risun" {rC+ Will+}
  3324 | D        | Noticed a deep elf demonologist
  3325 | D        | Identified the amulet "Kaong" {RegenMP Dex+3}
  3325 | D        | Noticed a deep elf annihilator
  3327 | D        | Noticed an Ice Fiend
  3328 | D        | Noticed a deep elf annihilator
  3345 | D        | Killed from afar by an Ice Fiend

Illustrated notes

Levels and vault maps discovered:
D:        dungeon_sprint_mu [sprint_mu_entry_forest, sprint_mu_temple_rooms,
          sprint_mu_d1_spiders, sprint_mu_d2_genie, sprint_mu_d3_branching,
          sprint_mu_orc_legion, sprint_mu_elf_gauntlet, sprint_mu_hive_nellie,
          sprint_mu_lair_fedhas, sprint_mu_vaults_butterflies,
          sprint_mu_slime_circle, sprint_mu_swamp_cave, sprint_mu_shoals_archi,
          sprint_mu_blade_basic, sprint_mu_crypt_lich, sprint_mu_tomb_spiral,
          sprint_mu_vestibule_basic, sprint_mu_gehenna_hellfire,
          sprint_mu_dis_giant, sprint_mu_tartarus_statrot,
          sprint_mu_cocytus_islands, sprint_mu_zot1]

Skill      XL: |  1  2  3  4  5  6  7  8  9 10 |
---------------+-------------------------------+-----
Fighting       | 3 4 5 6 7 9 10 11 | 11.8
Dodging        | 3 4 5 6 7 8 |  8.1
Shields        | 3 4 5 6 7 9 10 | 10.0
Unarmed Combat | 3 4 6 7 8 9 11 12 13 | 13.8
Maces & Flails | 3 6 |  6.3
Throwing       | 3 6 |  6.3
Invocations    | 2 |  2.4

Action                   |  1- 3 |  4- 6 |  7- 9 | 10-12 || total
-------------------------+-------+-------+-------+-------++-------
Melee: Unarmed           |    27 |    37 |    87 |    35 ||   186
Throw: Large rock        |       |       |       |     5 ||     5
       Dart              |       |       |       |     4 ||     4
  Use: Potion            |       |       |     1 |       ||     1
       Scroll            |       |       |       |     3 ||     3
 Stab: Distracted        |       |       |       |     1 ||     1
Armor: Robe              |     1 |     3 |     2 |     1 ||     7
Dodge: Dodged            |    10 |    11 |    25 |     6 ||    52
Block: Kite shield       |     9 |    15 |    22 |     4 ||    50
